 Dungeon Crawl Stone Soup version 0.22-a0-565-gfc6459a (webtiles) character file.

197 iamserjio the Cudgeler (level 5, -12/34 HPs)
             Began as a Gargoyle Fighter on June 28, 2018.
             Killed by divine providence
             ... invoked by an orc priest
              (15 damage)
             ... on level 5 of the Dungeon.
             The game lasted 00:05:08 (824 turns).

iamserjio the Cudgeler (Gargoyle Fighter)            Turns: 824, Time: 00:05:09

Health: -12/34     AC: 10    Str: 25    XL:     5   Next: 75%
Magic:  5/5        EV:  7    Int:  8    God:
Gold:   80         SH:  9    Dex: 10    Spells: 4/4 levels left

rFire    . . .     SeeInvis .   a - +0 flail
rCold    . . .     Gourm    .   c - +0 shield
rNeg     + . .     Faith    .   b - +0 scale mail
rPois    ∞         Spirit   .   (no helmet)
rElec    +         Reflect  .   (no cloak)
rCorr    .         Harm     .   (no gloves)
MR       .....                  (no boots)
Stlth    ..........             (no amulet)
HPRegen  0.11/turn              (no ring)
MPRegen  0.09/turn              (no ring)

@: mighty
A: negative energy resistance 1, electricity resistance, unbreathing,
petrification resistance, rot immunity, AC +4
a: no special abilities


You were on level 5 of the Dungeon.
You were not hungry.

You visited 1 branch of the dungeon, and saw 5 of its levels.

You collected 80 gold pieces.

Inventory:

Hand Weapons
 a - a +0 flail (weapon)
Armour
 b - a +0 scale mail (worn)
 c - a +0 shield (worn)
 j - a cursed +0 robe
Scrolls
 h - a scroll of amnesia
 l - a scroll of teleportation {unknown}
Potions
 e - a potion of heal wounds {unknown}
 g - a potion of berserk rage {unknown}
 i - 2 potions of mutation {unknown}
 k - a potion of degeneration {unknown}
Comestibles
 f - 8 rations


   Skills:
 + Level 4.7 Fighting
 * Level 4.8 Maces & Flails
 - Level 3.2 Armour
 - Level 3.2 Shields


You had 4 spell levels left.
You didn't know any spells.
Your spell library was empty.

Dungeon Overview and Level Annotations

Branches:
Dungeon (5/15)
 Temple: D:4-7

Altars:
Dithmenos
Qazlal
Zin


Innate Abilities, Weirdness & Mutations

You are resistant to torment.
Your stone body is resilient. (AC +4)
You are immune to poison.
You resist negative energy. (rN+)
You are resistant to electric shocks. (rElec)
You can survive without breathing.
You are immune to petrification.
You are immune to rotting.


Message History

The orc wizard is heavily wounded.
The orc wizard casts a spell at you. The puff of frost hits you!
The quokka zombie barely misses you. The orc priest completely misses you.
You closely miss the orc wizard.
The orc wizard is heavily wounded.
The orc priest looks braver for a moment.
You block the orc wizard's attack. You block the quokka zombie's attack.
The orc priest mumbles some strange prayers to Beogh against you.
Beogh smites you!
* * * LOW HITPOINT WARNING * * *
The orc wizard points at you and mumbles some strange words.
The puff of flame misses you.
You bludgeon the orc wizard!!
You kill the orc wizard!
The quokka zombie bites you.
* * * LOW HITPOINT WARNING * * *
The orc priest invokes the aid of Beogh against you.
Beogh smites you!
You die...

.. #.# #.##.#
..#.# #.#.#
...# #oo#
######Z)#######
.......@.......
#######.######.
#....<....#
........>##.#
#.#.###.## # #
..# ####


You could see 2 orc priests and a quokka zombie.

Vanquished Creatures
  2 orc wizards
  Jessica (D:3)
  6 adders
  An ooze (D:3)
  A worm (D:4)
  3 leopard geckos
  7 orcs
  4 ball pythons (D:4)
  3 hobgoblins
  4 jackals (D:1)
  2 bats (D:3)
  3 frilled lizards
  6 goblins
  3 kobolds
  A rat (D:2)
47 creatures vanquished.

Notes
Turn   | Place    | Note
-------+----------+-------------------------------------------
     0 | D:1      | iamserjio the Gargoyle Fighter began the quest for the Orb.
     0 | D:1      | Reached XP level 1. HP: 14/14 MP: 1/1
    59 | D:1      | Reached XP level 2. HP: 18/19 MP: 2/2
   128 | D:2      | Reached XP level 3. HP: 19/24 MP: 3/3
   162 | D:2      | Found a stormy altar of Qazlal.
   236 | D:3      | Found a shadowy altar of Dithmenos.
   300 | D:3      | Found a glowing silver altar of Zin.
   390 | D:3      | Reached XP level 4. HP: 29/29 MP: 4/4
   522 | D:4      | Reached XP level 5. HP: 27/34 MP: 5/5
   601 | D:3      | Noticed Jessica
   625 | D:3      | Killed Jessica
   815 | D:5      | Entered Level 5 of the Dungeon
   824 | D:5      | Killed from afar by an orc priest

Vault maps used:
D:1:      co_arrival_square_in_a_square_in_a_square, minivault_27,
          minmay_tripent
D:2:      grunt_qazlal_clouds, lemuel_coloured_pillars_altar,
          lemuel_doored_altar
D:3:      old_standard_altar, overflow_temple_1_default,
          amethyst_overflow_temple_binary, first_ration, uniq_jessica
D:4:      okawaru_ov_weapons_minmay, minmay_temple_entry_poolview,
          minmay_snake_closets
D:5:      serial_shops, nicolae_shop_trees, gup_ossuary_entry_pyramid,
          kennysheep_generic_room_7, uniq_crazy_yiuf_cottage

Skill      XL: |  1  2  3  4 |
---------------+-------------+-----
Maces & Flails | 3 4 |  4.8
Fighting       | 4 |  4.7
Armour         | |  3.2
Shields        | |  3.2

Action                   |  1- 3 |  4- 6 || total
-------------------------+-------+-------++-------
Melee: Flail             |   116 |    85 ||   201
  Use: Scroll            |       |     2 ||     2
       Potion            |       |     1 ||     1
Armor: Scale mail        |    83 |    36 ||   119
Dodge: Dodged            |    57 |    21 ||    78
Block: Shield            |    80 |    38 ||   118

Table legend:
 A = Spawn XP
 B = Non-spawn XP
 C = Spawn XP percentage of total XP
 D = Spawn monster count
 E = Non-spawn monster count
 F = Spawn count percentage of total count
 G = Total turns spent on level
                    A         B        C        D         E        F      G
               +---------+---------+-------+---------+---------+-------+---------
         Total |       0 |     282 |   0.0 |       0 |      47 |   0.0 |   824
               +---------+---------+-------+---------+---------+-------+---------
           D:1 |       0 |      16 |   0.0 |       0 |       9 |   0.0 |    85
           D:2 |       0 |      22 |   0.0 |       0 |       6 |   0.0 |    90
           D:3 |       0 |     109 |   0.0 |       0 |      17 |   0.0 |   315
           D:4 |       0 |      95 |   0.0 |       0 |      14 |   0.0 |   325
           D:5 |       0 |      40 |   0.0 |       0 |       1 |   0.0 |     9
               +---------+---------+-------+---------+---------+-------+---------
